 Dungeon Crawl Stone Soup version 0.18-a0-1267-gff090c1 (webtiles) character file.

630 namelastname112 the Shooter (level 7, 51/60 HPs)
             Began as a Purple Draconian Hunter on Feb 7, 2016.
             Quit the game on level 4 of the Dungeon.
             The game lasted 00:05:45 (3628 turns).

namelastname112 the Shooter (DrHu)                  Turns: 3628, Time: 00:05:45

Health: 51/60      AC:  6    Str: 14    XL:     7   Next: 24%
Magic:  7/7        EV: 13    Int: 11    God:
Gold:   295        SH:  0    Dex: 14    Spells: 0 memorised, 6 levels left

rFire  . . .     SeeInvis .     b - +2 spear (pierce)
rCold  . . .     Gourm    .     (armour unavailable)
rNeg   . . .     Faith    .     (no shield)
rPois  +         Spirit   +     (helmet restricted)
rElec  .         Dismiss  .     (no cloak)
rCorr  .         Reflect  .     (no gloves)
SustAt .         Harm     .     (no boots)
MR     +....                    h - amulet of guardian spirit
Stlth  ++........               (no ring)
                                r - ring of poison resistance

@: somewhat resistant to hostile enchantments, unstealthy
A: breathe power, unfitting armour, cold-blooded, AC +6
a: Breathe Dispelling Energy


You were on level 4 of the Dungeon.
You were hungry.

You visited 1 branch of the dungeon, and saw 4 of its levels.

You collected 295 gold pieces.

Inventory:

Hand Weapons
 a - a +1 shortbow
 b - a +2 spear of piercing (weapon)
Missiles
 c - 50 arrows
 p - 15 arrows of flame
Jewellery
 h - an amulet of guardian spirit (around neck)
 r - a ring of poison resistance (left hand)
Scrolls
 e - a scroll of remove curse {unknown}
 g - a scroll of teleportation {unknown}
 i - 6 scrolls of identify {unknown}
 j - a scroll of noise {unknown}
 k - a scroll of blinking {unknown}
 m - 2 scrolls of random uselessness {unknown}
 q - a scroll of fear {unknown}
 s - a scroll of fog {unknown}
Potions
 t - 3 potions of curing
Comestibles
 d - 5 bread rations
 f - 2 meat rations


   Skills:
 + Level 4.7 Fighting
 * Level 6.4 Bows
 + Level 3.7 Dodging
 - Level 0.8 Stealth


You had 6 spell levels left.
You didn't know any spells.

Dungeon Overview and Level Annotations

Branches:
Dungeon (4/15)
 Temple: D:4-7

Altars:
Vehumet


Innate Abilities, Weirdness & Mutations

You can breathe bolts of dispelling energy.
Your rich purple scales are hard (AC +6).
Your body does not fit into most forms of armour.
You are cold-blooded and may be slowed by cold attacks.


Message History

You reach to attack!
You closely miss something.
Attack whom?
Press: ? - help, Dir - move target cursor You reach to attack!
You hit something.
Reactivating autopickup.
You have reached level 7!
Your scales start taking on a rich purple colour.
You feel your intelligence returning.
You feel a bit more experienced.
You start resting.
Your transformation is almost over.
You start resting.
You feel less woody.
Unknown command.
You start resting.
You feel a little less clever now.
Unknown command.
Things that are here:
a vampiric scythe; an embroidered robe; the human corpse of Sigmund Are you sure you want to abandon this character and quit the game? (Confirm with "yes".)

#..................
#.
#..................
#.
#..................
##
#########...........
#.......####'###...
#........#.....#..
#......'.....#
#.....##.....#
#....@##.....#
#.......#.....#
+.......#.....#
#.......#)....#
###############


There were no monsters in sight!

Vanquished Creatures
  Sigmund (D:4)
  The ghost of Rayvis the Skirmisher, an amateur DsFi (D:3)
  Blork the orc (D:4)
  The ghost of Amnesiac the Changer, a weakling DrTm (D:4)
  An orc priest (D:4)
  A hound (D:4)
  An orc wizard (D:4)
  A centaur skeleton (D:4)
  An iguana (D:4)
  A worker ant (D:4)
  A gnoll (D:1)
  4 adders
  An ooze (D:1)
  A worm (D:2)
  2 giant geckos
  2 orcs (D:4)
  A ball python (D:1)
  A giant cockroach (D:1)
  10 goblins
  11 hobgoblins
  5 jackals
  2 quokkas (D:4)
  9 bats
  3 giant newts
  9 kobolds
  4 rats
76 creatures vanquished.

Notes
Turn   | Place    | Note
--------------------------------------------------------------
     0 | D:1      | namelastname112 the Draconian Hunter began the quest for the Orb.
     0 | D:1      | Reached XP level 1. HP: 17/17 MP: 1/1
   284 | D:1      | Reached XP level 2. HP: 20/25 MP: 2/2
   298 | D:1      | Reached skill level 4 in Bows
   392 | D:1      | Reached XP level 3. HP: 30/30 MP: 1/3
   903 | D:2      | Found a radiant altar of Vehumet.
  1217 | D:2      | Reached XP level 4. HP: 37/37 MP: 4/4
  1913 | D:3      | Noticed Rayvis's ghost (amateur DsFi)
  2309 | D:3      | Killed Rayvis's ghost
  2309 | D:3      | Reached skill level 5 in Bows
  2309 | D:3      | Reached XP level 5. HP: 45/45 MP: 3/5
  2804 | D:4      | Noticed Blork the orc
  2816 | D:4      | Killed Blork the orc
  2875 | D:4      | Noticed Amnesiac's ghost (weakling DrTm)
  2890 | D:4      | Reached XP level 6. HP: 28/52 MP: 4/6
  2914 | D:4      | Killed Amnesiac's ghost
  3430 | D:4      | Reached skill level 6 in Bows
  3566 | D:4      | Noticed Sigmund
  3584 | D:4      | Killed Sigmund
  3584 | D:4      | Reached XP level 7. HP: 60/60 MP: 7/7
  3584 | D:4      | Your scales start taking on a rich purple colour.
  3628 | D:4      | Quit the game

Vault maps used:
D:1:      dpeg_arrival_round_a
D:2:      vehumet_crystals
D:3:      first_bread
D:4:      uniq_blork_the_orc, uniq_crazy_yiuf_cottage, uniq_sigmund

Action                   |  1- 3 |  4- 6 |  7- 9 || total
-------------------------+-------+-------+-------++-------
Melee: Short sword       |    31 |       |       ||    31
       Spear             |    66 |   197 |       ||   263
 Fire: Shortbow          |     5 |       |       ||     5
  Use: Potion            |       |     7 |       ||     7
 Stab: Sleeping          |       |     4 |       ||     4
       Distracted        |       |     1 |       ||     1
  Eat: Chunk             |       |     4 |       ||     4
       Meat ration       |       |     1 |       ||     1
